 Dungeon Crawl Stone Soup version 0.31.0 (webtiles) character file.

Game seed: 2268238533817437555

53 qw the Shooter (level 3, -3/23 HPs)
             Began as a Gargoyle Hunter on Jan 19, 2024.
             Slain by a kobold
             ... wielding a +0 whip
              (4 damage)
             ... on level 2 of the Dungeon.
             The game lasted 00:00:04 (1088 turns).

qw the Shooter (Gargoyle Hunter)                    Turns: 1088, Time: 00:00:04

Health: -3/23      AC:  6    Str: 14    XL:     3   Next: 87%
Magic:  3/3        EV: 11    Int:  9    God:
Gold:   92         SH:  0    Dex: 15    Spells: 2/2 levels left

rFire   . . .        a - +0 shortbow
rCold   . . .        (shield currently unavailable)
rNeg    + . .        c - +0 leather armour
rPois   inf          (no helmet)
rElec   +            (no cloak)
rCorr   .            (no gloves)
SInv    .            (no boots)
Will    .....        (no amulet)
Stlth   ++           (no ring)
HPRegen 0.23/turn    (no ring)
MPRegen 0.08/turn

%: no passive effects
@: no status effects
A: sickness immunity, AC +3, negative energy resistance 1, electricity
resistance, torment resistance 1, petrification resistance
a: no special abilities


You were on level 2 of the Dungeon.
You visited 1 branch of the dungeon, and saw 2 of its levels.

You collected 92 gold pieces.


Innate Abilities, Weirdness & Mutations

You are immune to sickness and miasma.
Your stone body is resilient. (AC +3)
You are immune to poison.
You resist negative energy. (rN+)
You are resistant to electric shocks. (rElec)
You are resistant to unholy torment.
You are immune to petrification.


   Skills:
 - Level 3.0 Fighting
 + Level 5.0 Ranged Weapons
 - Level 1.5 Dodging
 - Level 1.1 Stealth


You had 2 spell levels left.
You didn't know any spells.
Your spell library was empty.

Inventory:

Hand Weapons
 a - a +0 shortbow (weapon)
Armour
 c - a +0 leather armour (worn)
 f - a +0 ring mail
Scrolls
 b - 6 scrolls of immolation {unknown}
 e - 2 scrolls of identify
Potions
 d - a potion of curing
 h - a potion of enlightenment {unknown}
 i - a potion of brilliance {unknown}

Dungeon Overview and Level Annotations

Branches:
Dungeon (2/15)

Altars:


Message History

You shoot an arrow. The arrow hits the kobold!
You kill the kobold!
The kobold closely misses you. The kobold barely misses you. x2
The kobold hits you but does no damage. x2
You shoot an arrow. The arrow hits the kobold.
The kobold is moderately wounded.
The kobold closely misses you. The kobold hits you with a +0 whip.
The kobold hits you but does no damage.
You shoot an arrow. The arrow hits the kobold.
The kobold is severely wounded.
The kobold barely misses you. The kobold hits you but does no damage.
You shoot an arrow. The arrow closely misses the kobold.
The kobold hits you with a +0 short sword.
The kobold hits you but does no damage. The kobold barely misses you.
The kobold hits you but does no damage.
You shoot an arrow. The arrow closely misses the kobold.
The kobold closely misses you. x2; The kobold hits you but does no damage.
The kobold hits you with a +0 whip.
You shoot an arrow. The arrow hits the kobold.
You kill the kobold!
The kobold barely misses you. The kobold closely misses you.
The kobold misses you. The kobold closely misses you.
The kobold barely misses you. x2
You shoot an arrow. The arrow barely misses the kobold.
The kobold hits you with a +0 short sword.
The kobold hits you with a +2 dagger of flaming.
The kobold burns you. The kobold misses you.
You shoot an arrow. The arrow closely misses the kobold.
The kobold barely misses you.
The kobold hits you with a +2 dagger of flaming.
The kobold burns you. The kobold barely misses you.
You shoot an arrow. The arrow barely misses the kobold.
The kobold hits you but does no damage. The kobold hits you with a +0 whip.
The kobold closely misses you.
You shoot an arrow. The arrow hits the kobold.
You kill the kobold!
The kobold misses you. The kobold closely misses you.
You shoot an arrow. The arrow misses the kobold.
The kobold closely misses you. The kobold hits you with a +0 whip.
You die...

....
##........#...######
####
...............#
#.............# ####
#.......#.#..# ....#
#.....>......#
.....##........##..#
......'........+...#
......KK.......#.#.#
.!.)..)@.......#. .#
.....##)####..##. ..
... ### #..# ## #
#.... #.#### ... .#


You could see 2 kobolds.

Vanquished Creatures
  An adder (D:2)
  5 endoplasms
  A giant cockroach (D:1)
  7 hobgoblins (D:1)
  11 kobolds
  7 ball pythons
  2 bats (D:1)
  4 frilled lizards
  4 rats
42 creatures vanquished.

Notes
Turn   | Place    | Note
-------+----------+-------------------------------------------
     0 | D:1      | qw the Gargoyle Hunter began the quest for the Orb.
     0 | D:1      | Reached XP level 1. HP: 12/12 MP: 1/1
     0 | D:1      | 0 ||| qw: Version: 0.3-a-132-g3d54051
     0 | D:1      | 0 ||| qw: Game counter: 35
     0 | D:1      | 0 ||| qw: Melee chars always use a shield: true
     0 | D:1      | 0 ||| qw: God list: Okawaru
     0 | D:1      | 0 ||| qw: Allow faded altars: false
     0 | D:1      | 0 ||| qw: Do Orc after clearing Dungeon:15 true
     0 | D:1      | 0 ||| qw: Do second Lair branch before Depths: true
     0 | D:1      | 0 ||| qw: Lair rune preference: random
     0 | D:1      | 0 ||| qw: Goals: Normal
     0 | D:1      | 0 ||| PLANNING D:1-11
   112 | D:1      | Reached XP level 2. HP: 17/17 MP: 2/2
   113 | D:1      | Found a faded altar of an unknown god.
   319 | D:1      | Reached XP level 3. HP: 20/21 MP: 3/3
   389 | D:1      | Reached skill level 5 in Ranged Weapons
   778 | D:1      | 778 ||| READING scroll labelled VIHEEM TIZUBIAKAC.
   779 | D:1      | 779 ||| READING scroll labelled TYUMO GAFOD.
   780 | D:1      | 780 ||| READING scroll labelled HAFICHOWNAYS.
   780 | D:1      | 780 ||| IDENTIFYING lumpy golden potion
   781 | D:1      | 781 ||| READING scroll labelled LUTORU EGIRCH.
   786 | D:1      | 786 ||| DROPPING scroll of butterflies.
  1009 | D:2      | 1009 ||| FLEEEEING.
  1076 | D:2      | Reached skill level 3 in Fighting
  1085 | D:2      | HP: 5/23 [kobold/+2 dagger of flaming (4)]
  1086 | D:2      | HP: 1/23 [kobold/+0 whip (4)]
  1088 | D:2      | Slain by a kobold

Levels and vault maps discovered:
D:1:      dpeg_arrival_boxes_within_box, layout_loops_ring,
          hellmonk_ecumenical_altar_arch_garden
D:2:      cheibrodos_fertilizer, layout_basic

Skill      XL: |  1  2  3 |
---------------+----------+-----
Ranged Weapons | 5 |  5.0
Fighting       | 3 |  3.0
Dodging        | |  1.5
Stealth        | |  1.1

Action                     || total
---------------------------++-------
   Fire: Shortbow          ||   111
    Use: Scroll            ||     4
 Armour: Leather armour    ||    44
  Dodge: Dodged            ||    40

Table legend:
 A = Non-vault XP
 B = Vault XP
 C = Vault XP percentage of total XP
 D = Non-vault monster count
 E = Vault monster count
 F = Vault count percentage of total count
                 A         B        C        D         E       F
            +---------+---------+-------+---------+---------+-------
      Total |      67 |       9 |  11.8 |      36 |       6 |  14.3
            +---------+---------+-------+---------+---------+-------
        D:1 |      45 |       0 |   0.0 |      28 |       0 |   0.0
        D:2 |      22 |       9 |  29.0 |       8 |       6 |  42.9
            +---------+---------+-------+---------+---------+-------
